 Dungeon Crawl Stone Soup version 0.18-a0-1064-gd132116 (webtiles) character file.

12473 tehphobia the Blocker (level 11, -10/71 HPs)
             Began as a Gargoyle Fighter on Jan 12, 2016.
             Was an Elder of the Shining One.
             Mangled by a white ugly thing (23 damage)
             ... on level 11 of the Dungeon.
             The game lasted 00:28:01 (10385 turns).

tehphobia the Blocker (Gargoyle Fighter)           Turns: 10385, Time: 00:28:01

Health: -10/71     AC: 27    Str: 23    XL:     11   Next: 93%
Magic:  11/11      EV: 10    Int:  9    God:    the Shining One [****..]
Gold:   557        SH: 13    Dex:  9    Spells: 0 memorised, 10 levels left

rFire  . . .     SeeInvis +     a - +1 flail
rCold  . . .     Gourm    .     J - +0 plate armour
rNeg   + + +     Faith    .     c - +0 shield
rPois  ∞         Spirit   .     q - +0 helmet {SInv}
rElec  +         Dismiss  .     r - +2 cloak
rCorr  .         Reflect  .     u - +0 pair of gloves
SustAt .         Harm     .     (no boots)
MR     .....                    (no amulet)
Stlth  ..........               v - ring of stealth
                                t - +4 ring of evasion

@: glowing, not resistant to hostile enchantments, extremely unstealthy
A: negative energy resistance 1, electricity resistance, unbreathing,
petrification resistance, rot immunity, AC +7
a: Divine Shield, Cleansing Flame, Renounce Religion


You were on level 11 of the Dungeon.
You worshipped the Shining One.
The Shining One was greatly pleased with you.
You were very hungry.

You visited 1 branch of the dungeon, and saw 11 of its levels.
You also visited: Sewer.

You collected 557 gold pieces.

Inventory:

Hand Weapons
 a - a +1 flail (weapon)
 O - a +1 mace
Armour
 b - a +0 scale mail
 c - a +0 shield (worn)
 n - a +0 helmet
 q - a +0 helmet of see invisible (worn)
 r - a +2 cloak (worn)
 u - a +0 pair of gloves (worn)
 A - a +0 scale mail
 J - a +0 plate armour (worn)
 M - the cursed +0 chain mail of Fun {rN+ Dex+2}
   (You found it on level 7 of the Dungeon)

   It affects your dexterity (+2).
   It protects you from negative energy.
   It has a curse placed upon it.
Jewellery
 l - an uncursed ring of poison resistance
 t - a +4 ring of evasion (left hand)
 v - a ring of stealth (right hand)
Wands
 o - a wand of frost (31/48)
 x - a wand of slowing (27/48)
 y - a wand of paralysis (15/24)
 D - a wand of fire (11/15)
 N - a wand of fire (3/15)
Scrolls
 e - 7 scrolls of teleportation
 h - a scroll of recharging
 m - 4 scrolls of remove curse
 p - 2 scrolls of fear
 w - 2 scrolls of magic mapping
 E - a scroll of noise {unknown}
 H - a scroll of enchant armour {unknown}
 Q - 4 scrolls of immolation {unknown}
 T - a scroll of fog
 U - a scroll of random uselessness {unknown}
 V - a scroll of enchant weapon
Potions
 d - a potion of might
 i - a potion of curing
 j - 2 potions of degeneration {unknown}
 k - a potion of flight {unknown}
 z - 6 potions of haste
 B - a potion of heal wounds {unknown}
 C - 2 potions of brilliance
 G - a potion of agility {unknown}
 K - a potion of poison {unknown}
 P - a potion of ambrosia {unknown}
 S - a potion of invisibility {unknown}
 X - a potion of lignification {unknown}
Books
 g - a book of Conjurations

   Spells                             Type                      Level
   a - Magic Dart                     Conjuration                  1
   b - Searing Ray                    Conjuration                  2
   c - Dazzling Spray                 Conjuration/Hexes            3
   d - Fulminant Prism                Conjuration/Hexes            4
   e - Iskenderun's Mystic Blast      Conjuration                  4
   f - Iskenderun's Battlesphere      Conjuration/Charms           5
 I - a book of Hinderance

   Spells                             Type                      Level
   a - Confusing Touch                Hexes                        2
   b - Confuse                        Hexes                        3
   c - Gell's Gravitas                Hexes/Translocation          3
   d - Petrify                        Transmutation/Earth          4
   e - Metabolic Englaciation         Hexes/Ice                    5
   f - Yara's Violent Unravelling     Hexes/Transmutation          5
 R - a book of Callings

   Spells                             Type                      Level
   a - Summon Small Mammal            Summoning                    1
   b - Call Imp                       Summoning                    2
   c - Call Canine Familiar           Summoning                    3
   d - Summon Guardian Golem          Hexes/Summoning              3
   e - Summon Lightning Spire         Summoning/Air                4
   f - Summon Ice Beast               Ice/Summoning                4
Comestibles
 f - 11 bread rations
 s - 4 royal jellies
 F - 7 meat rations
 L - 3 fruits


   Skills:
 + Level 9.5 Fighting
 + Level 10.3 Maces & Flails
 + Level 8.6 Armour
 - Level 0.4 Dodging
 + Level 12.6 Shields
 - Level 0.7 Invocations


You had 10 spell levels left.
You didn't know any spells.

Dungeon Overview and Level Annotations

Branches:
Dungeon (11/15)            Temple (0/1) D:7            Lair (0/8) D:11
    Orc (0/2) D:9

Altars:
Ashenzari
Dithmenos
Okawaru
Qazlal
Ru
Vehumet
Xom
Zin
The Shining One

Shops:
D:4 !   D:6 }

Annotations:
D:4 sotonohito's ghost, novice TrFi


Innate Abilities, Weirdness & Mutations

You are resistant to torment.
Your stone body is resilient (AC +7).
You are immune to poison.
You resist negative energy.
You are resistant to electric shocks.
You can survive without breathing.
You are immune to petrification.
You are immune to rotting.


Message History

The white ugly thing is severely wounded.
You block the white ugly thing's attack.
You hit the white ugly thing.
The white ugly thing is almost dead.
The white ugly thing claws you! The white ugly thing freezes you!
* * * LOW HITPOINT WARNING * * *
You are too injured to fight recklessly!
You are too injured to fight recklessly!
Drink which item? (? for menu, Esc to quit)
You feel better.
The white ugly thing claws you but does no damage.
You hit the white ugly thing.
The white ugly thing is almost dead.
You block the white ugly thing's attack.
You thump the white ugly thing!
The white ugly thing is almost dead.
The white ugly thing claws you.
* * * LOW HITPOINT WARNING * * *
The white ugly thing freezes you!!
You die...

######.# ## #... .. ##)#
##. #.# #... ##..
##...## ##..( .......##
##...( ......u.#
###..... ....>..@##.#
........(
##...##.##.####.###.....
#. #.##... ..........
#.##.<# #.###.#...
#.##..# #.# #.##<#
#.##..###.###.##.#
#.##.......##.##..
#...........#.##.#
#####.###.........


You could see a white ugly thing.

Vanquished Creatures
  Urug (D:11)
  2 hill giants
  A cyclops (D:11)
  A kobold demonologist (D:11)
  2 komodo dragons (D:11)
  2 trolls
  The ghost of Sharkman1231 the Cutter, an amateur DEAK of Lugonu (D:3)
  A spriggan (D:7)
  9 yaks
  A steam dragon (D:9)
  A wyvern (D:10)
  A wraith (D:11)
  4 hippogriffs (D:9)
  2 hungry ghosts
  Duvessa (D:6)
  2 black bears
  4 orc warriors
  A swamp drake (D:11)
  A sky beast (D:9)
  A necrophage (D:7)
  5 phantoms
  3 ice beasts
  8 ogres
  7 centaurs
  4 crocodiles
  3 big kobolds
  7 gnoll sergeants
  4 giant frogs
  Dowan (D:6)
  18 killer bees
  4 wights (D:7)
  3 crimson imps
  A giant frog zombie (D:5)
  A centaur zombie (D:5)
  5 hounds
  6 orc wizards
  2 centaur skeletons
  3 giant frog skeletons
  5 orc priests
  7 iguanas
  6 jellies
  5 worker ants
  A killer bee zombie (D:6)
  A hound zombie (D:6)
  2 hound skeletons
  A worker ant zombie (D:5)
  16 gnolls
  11 adders
  2 river rats (Sewer)
  4 shadow imps
  2 oozes
  An adder zombie (D:10)
  4 worms
  7 giant geckos
  47 orcs
  4 ball pythons
  7 giant cockroaches
  5 goblins
  7 hobgoblins
  6 jackals
  13 kobolds
  3 quokkas
  4 bats
  A giant gecko zombie (D:7)
  3 giant newts
  14 rats
313 creatures vanquished.

Vanquished Creatures (others)
  A yak (D:11)
  An iguana (D:11)
2 creatures vanquished.

Grand Total: 315 creatures vanquished

Notes
Turn   | Place    | Note
--------------------------------------------------------------
     0 | D:1      | tehphobia the Gargoyle Fighter began the quest for the Orb.
     0 | D:1      | Reached XP level 1. HP: 14/14 MP: 1/1
   146 | D:1      | Reached XP level 2. HP: 19/19 MP: 2/2
   749 | D:2      | Reached XP level 3. HP: 16/23 MP: 3/3
  1133 | D:2      | Reached XP level 4. HP: 29/29 MP: 4/4
  1170 | D:3      | Noticed Sharkman1231's ghost (amateur DEAK)
  1475 | D:3      | Reached skill level 4 in Shields
  1681 | D:3      | Killed Sharkman1231's ghost
  1681 | D:3      | Reached skill level 5 in Shields
  1681 | D:3      | Reached XP level 5. HP: 25/33 MP: 5/5
  1681 | D:3      | Reached XP level 6. HP: 28/38 MP: 6/6
  2042 | D:4      | Found a glowing golden altar of the Shining One.
  2046 | D:4      | Found a glowing silver altar of Zin.
  2048 | D:4      | Found a radiant altar of Vehumet.
  2076 | D:4      | Became a worshipper of the Shining One
  2255 | D:4      | Found a glowing drain.
  2292 | Sewer    | Entered a sewer
  2392 | Sewer    | Reached skill level 5 in Armour
  2392 | Sewer    | Reached XP level 7. HP: 41/44 MP: 7/7
  2615 | Sewer    | Reached skill level 6 in Shields
  2871 | D:4      | Found Otietoq's Distillery.
  3002 | D:4      | Paralysed by a gnoll for 4 turns
  3066 | D:4      | Found a shimmering altar of Xom.
  3086 | D:4      | Noticed sotonohito's ghost (novice TrFi)
  3494 | D:5      | Entered Level 5 of the Dungeon
  3564 | D:5      | Reached * piety under the Shining One
  3610 | D:5      | Reached skill level 7 in Shields
  3610 | D:5      | Reached XP level 8. HP: 48/48 MP: 8/8
  3631 | D:5      | Reached skill level 5 in Fighting
  4126 | D:5      | Reached skill level 5 in Maces & Flails
  4552 | D:6      | Found Xaake's Quality Used Wands.
  4766 | D:6      | Noticed Duvessa
  4766 | D:6      | Noticed Dowan
  4775 | D:6      | Killed Duvessa
  4776 | D:6      | Killed Dowan
  4776 | D:6      | Reached skill level 8 in Shields
  4873 | D:6      | Reached XP level 9. HP: 54/56 MP: 9/9
  4874 | D:6      | Reached ** piety under the Shining One
  4923 | D:6      | Found a sacrificial altar of Ru.
  4924 | D:6      | Found an iron altar of Okawaru.
  4925 | D:6      | Found a shadowy altar of Dithmenos.
  5314 | D:7      | Found a staircase to the Ecumenical Temple.
  5532 | D:7      | Got a fine chain mail
  5533 | D:7      | Identified the cursed +0 chain mail of Fun {rN+ Dex+2} (You found it on level 7 of the Dungeon)
  5668 | D:7      | Reached skill level 9 in Shields
  5742 | D:7      | Noticed a hill giant
  5771 | D:7      | Killed a hill giant
  6046 | D:7      | Reached XP level 10. HP: 59/63 MP: 10/10
  6293 | D:8      | Found a shattered altar of Ashenzari.
  6294 | D:8      | Found a stormy altar of Qazlal.
  6508 | D:8      | Reached *** piety under the Shining One
  6528 | D:8      | Reached skill level 10 in Shields
  7483 | D:9      | Found a staircase to the Orcish Mines.
  7562 | D:9      | Reached skill level 11 in Shields
  7562 | D:9      | Reached XP level 11. HP: 41/69 MP: 11/11
  7893 | D:10     | Entered Level 10 of the Dungeon
  8482 | D:10     | Reached **** piety under the Shining One
  8548 | D:10     | Noticed a hill giant
  8557 | D:10     | Killed a hill giant
  9205 | D:11     | Noticed a cyclops
  9218 | D:11     | Killed a cyclops
  9236 | D:11     | Reached skill level 12 in Shields
  9476 | D:11     | Noticed Urug
  9494 | D:11     | Killed Urug
  9494 | D:11     | Reached skill level 10 in Maces & Flails
  9887 | D:11     | Found a staircase to the Lair.
 10365 | D:11     | Noticed a white ugly thing
 10385 | D:11     | Mangled by a white ugly thing

Vault maps used:
D:1:      mrwooster_arrival_statue_3, serial_forest, infiniplex_forest_corner_1,
          infiniplex_forest_3_way, infiniplex_forest_clump_curved,
          infiniplex_forest_lined_2, infiniplex_forest_zigzag_1,
          infiniplex_forest_straight_3, minivault_14, hangedman_decor_points,
          hangedman_decor_clover_reticule
D:2:      first_bread
D:3:      hangedman_decor_push
D:4:      grunt_temple_overflow_open, gup_sewer_entry_glass, serial_shops,
          kennysheep_mini_moat, tgw_xom
D:5:      st_stairs_4, kennysheep_another_room
D:6:      minitemple, nicolae_for_you_no_charge, uniq_duvessa
D:7:      minmay_temple_entry_glass, the_bakery
D:8:      gammafunk_temple_overflow_pools, kennysheep_small_spiral,
          due_unseen_surprise
D:9:      kennysheep_orc_monster_closet_entryway
D:11:     erik_lair_dragon, uniq_urug
Sewer:    sewer_co_15_rooms

Action                   |  1- 3 |  4- 6 |  7- 9 | 10-12 || total
-------------------------+-------+-------+-------+-------++-------
Melee: Flail             |   121 |   259 |   487 |   712 ||  1579
Invok: Divine Shield     |       |       |     1 |     1 ||     2
  Use: Scroll            |       |       |     9 |     1 ||    10
       Potion            |       |       |       |     7 ||     7
  Eat: Chunk             |     1 |     5 |     9 |    16 ||    31
       Bread ration      |       |       |     2 |       ||     2
       Pizza             |       |       |       |     1 ||     1
